 Dungeon Crawl Stone Soup version 0.30-a0-743-gbfdf073431 (webtiles) character file.

Game seed: 15704495381919140281

92 LennaLeFay the Trooper (level 4, -4/37 HPs)
             Began as a Djinni Cinder Acolyte on Feb 6, 2023.
             Was a Priest of Ignis.
             Slain by a wight
             ... wielding a +2 spear of freezing
              (7 damage)
             ... on level 2 of the Dungeon.
             The game lasted 00:06:18 (1666 turns).

LennaLeFay the Trooper (Djinni Cinder Acolyte)      Turns: 1666, Time: 00:06:18

Health: -4/37      AC:  3    Str: 15    XL:     4   Next: 90%
Gold:   65         EV: 11    Int: 15    God:    Ignis [***...] SH:  0 Dex:  9

rFire   + + +      SeeInvis .    a - +0 flail
rCold   x . .      Faith    .    (no shield)
rNeg    . . .      Spirit   .    e - +0 leather armour
rPois   ∞          Reflect  .    (no helmet)
rElec   .          Harm     .    (no cloak)
rCorr   .          Rampage  .    (no gloves)
Will    .....                    (boots unavailable)
Stlth   +                        (no amulet)
HPRegen 0.26/turn                (no ring)
MPRegen 0.00/turn                (no ring)

@: flying
A: sickness immunity, fire resistance 2, cold vulnerability 1, float, innate
caster, HP casting, extra vitality 1
a: Renounce Religion, Fiery Armour, Foxfire Swarm, Rising Flame


You were on level 2 of the Dungeon.
You worshipped Ignis.
Ignis was most pleased with you.
You visited 1 branch of the dungeon, and saw 3 of its levels.

You collected 65 gold pieces.

Inventory:

Hand Weapons
 a - a +0 flail (weapon)
Armour
 e - a +0 leather armour (worn)
Scrolls
 c - a scroll of identify


   Skills:
 + Level 3.7 Fighting
 - Level 3.2 Long Blades
 - Level 0.1 Axes
 + Level 0.1 Armour
 + Level 1.2 Dodging
 + Level 0.1 Stealth
 + Level 3.0 Spellcasting


You had 6 spell levels left.
You knew the following spells:

 Your Spells              Type           Power      Damage    Failure   Level
a - Scorch                Fire           22%        2d6       11%         2
b - Necrotise             Necr           44%        1d6       7%          1
Your spell library was empty.

Dungeon Overview and Level Annotations

Branches:
Dungeon (3/15)

Altars:


Innate Abilities, Weirdness & Mutations

You are immune to sickness and miasma.
You are immune to poison.
Your flesh is very heat resistant. (rF++)
You are vulnerable to cold. (rC-)
You float through the air rather than walking.
You learn spells naturally, not from books.
Your magical power is your life essence.
You have superior vitality. (+4 MHP)


Message History

Things that are here:
a +0 flail; an orc corpse
a - a +0 flail
a - a +0 flail (weapon)
You see here a -1 falchion of flaming.
You drop a +0 hand axe.
You see here a -1 falchion of flaming.
HP restored.
Done exploring.
You see here an orc corpse.
There is a stone staircase leading down here.
You fly downwards.
The orc closely misses you. The orc hits you with a +0 club.
There is a stone staircase leading up here.
The orc hits you with a +0 club.
You fly upwards.
There is a stone staircase leading down here.
You hit the orc.
The orc is severely wounded.
The orc hits you with a +0 club.
You thump the orc!
You kill the orc!
You see here a +0 club.
You see here a +0 club.
There is a stone staircase leading down here.
You fly downwards.
The wight hits you with a +2 spear of freezing.
The wight freezes you.
There is a stone staircase leading up here.
The wight hits you with a +2 spear of freezing!
The wight freezes you.
You fly upwards.
There is a stone staircase leading down here.
You hit the wight.
The wight is lightly damaged.
The wight hits you with a +2 spear of freezing.
The wight freezes you.
The wight hits you with a +2 spear of freezing!
* * * LOW HITPOINT WARNING * * *
The wight freezes you!
You die...

..# #...#.............[...##....
.## ###.#.###..#..........##....
.## ##.#.####...###....####....
..#####...........###....# #....
..#......#..............## #....
..#.....................## #....
..#.........#.######.....####....
.......#......###).).............
.......#..##...z@†###............
...##....##..#######.............
..###.....#..#####......#......##
.................................
..#...#..........................
###..####.##.##########.#####.##.
....## #.##.# #.......... ...##
#.##.## #.>####.### ...# #.#...#
#.## #.##.


You could see a wight.

Vanquished Creatures
  Terence (D:2)
  4 adders (D:2)
  3 orcs (D:2)
  5 ball pythons
  4 endoplasms
  A giant cockroach (D:1)
  A hobgoblin (D:1)
  A bat (D:1)
  3 frilled lizards
  2 goblins (D:1)
  4 kobolds
  A rat (D:1)
30 creatures vanquished.

Vanquished Creatures (others)
  21 foxfires (D:2)
21 creatures vanquished.

Grand Total: 51 creatures vanquished

Notes
Turn   | Place    | Note
-------+----------+-------------------------------------------
     0 | D:1      | LennaLeFay the Djinni Cinder Acolyte began the quest for
                  | the Orb.
     0 | D:1      | LennaLeFay set off with the following spells memorised:
                  | Scorch.
     0 | D:1      | Reached XP level 1. HP: 20/20 MP: 0/0
   177 | D:1      | Reached XP level 2. HP: 17/25 MP: 0/0
   354 | D:1      | Found a faded altar of an unknown god.
   894 | D:2      | Reached XP level 3. HP: 25/30 MP: 0/0
   894 | D:2      | Learned a level 1 spell: Necrotise
  1119 | D:2      | Noticed Terence
  1130 | D:2      | Killed Terence
  1131 | D:2      | Reached XP level 4. HP: 9/36 MP: 0/0
  1266 | D:2      | Reached skill level 1 in Dodging
  1553 | D:3      | Noticed a wight
  1553 | D:3      | Noticed a wight
  1555 | D:3      | Noticed a wight
  1556 | D:3      | Noticed a wight
  1666 | D:2      | Slain by a wight

Illustrated notes

Levels and vault maps discovered:
D:1:      matt_arrival_diagonals, layout_loops_ring,
          dreamdust_ecumenical_altar_angels_and_demons
D:2:      layout_rooms, uniq_terence
D:3:      kb_forest_paths, layout_basic, serial_shops, shop, shop, shop,
          nicolae_square_shop, shop, minmay_misc_feat_chi, uniq_grinder

Skill      XL: |  1  2  3  4 |
---------------+-------------+-----
Long Blades    | 3 |  3.2
Dodging        | 1 |  1.2
Spellcasting   | 3 |  3.0
Fighting       | |  3.7
Axes           | |  0.1
Armour         | |  0.1
Stealth        | |  0.1

Action                     |  1- 3 |  4- 6 || total
---------------------------+-------+-------++-------
  Melee: Falchion          |    57 |    19 ||    76
         Hand axe          |       |     4 ||     4
         Flail             |       |     3 ||     3
   Cast: Scorch            |     7 |     1 ||     8
 Invoke: Fiery Armour      |     3 |     1 ||     4
         Foxfire Swarm     |     1 |       ||     1
    Use: Potion            |     1 |     1 ||     2
         Scroll            |     4 |     6 ||    10
 Armour: Robe              |    15 |     7 ||    22
         Leather armour    |       |     1 ||     1
  Dodge: Dodged            |    44 |    21 ||    65

Table legend: (Time is in decaauts)
 A = Elapsed time spent in this place.
 B = Non-inter-level travel time spent in this place.
 C = Inter-level travel time spent in this place.
 D = Time resting spent in this place.
 E = Time spent auto-exploring this place.
 F = Levels seen in this place.
 G = Mean time per level.
                   A        B        C        D        E       F      G
               +--------+--------+--------+--------+--------+-----+--------+
         Total |   1666 |   1596 |     70 |      0 |   1177 |   3 |  555.3 |
       Dungeon |   1666 |   1596 |     70 |      0 |   1177 |   3 |  555.3 |
               +--------+--------+--------+--------+--------+-----+--------+

Top non-repeatable levels by time:
     D:1: 831 daAuts
     D:2: 819 daAuts
     D:3: 15 daAuts
